 Dungeon Crawl Stone Soup version 0.30-a0-719-gcc4359ea44 (webtiles) character file.

Game seed: 17712385077609614077

1457 IdlyInterested the Slicer (level 8, -8/56 HPs)
             Began as a Demonspawn Gladiator on Jan 26, 2023.
             Mangled by an orc warrior
             ... wielding a +0 glaive
              (16 damage)
             ... on level 6 of the Dungeon.
             The game lasted 00:18:11 (4931 turns).

IdlyInterested the Slicer (Demonspawn Gladiator)    Turns: 4931, Time: 00:18:11

Health: -8/56      AC: 18    Str: 14    XL:     8   Next: 47%
Magic:  0/7        EV: 10    Int: 15    God:
Gold:   349        SH:  0    Dex: 17    Spells: 7/7 levels left

rFire   . . .      SeeInvis +    k - +2 dagger (drain)
rCold   + + .      Faith    .    (no shield)
rNeg    + . .      Spirit   +    o - +3 pearl dragon scales
rPois   .          Reflect  .    c - +0 helmet
rElec   +          Harm     .    (no cloak)
rCorr   .          Rampage  .    C - +0 pair of gloves
Will    .....                    (no boots)
Stlth   +                        y - amulet of guardian spirit
HPRegen 0.29/turn                v - ring of protection from cold
MPRegen 0.10/turn                A - ring "Ytaffiush" {Contam rElec rC+ Int+5 SInv}

@: mighty, hasted, very quick
A: ignite blood 1, demonic magic 1, weakness stinger 2, hooves 1, iridescent
scales 1, low MP 1
a: no special abilities


You were on level 6 of the Dungeon.
You visited 2 branches of the dungeon, and saw 7 of its levels.
You also visited: Sewer.

You collected 349 gold pieces.

Inventory:

Hand Weapons
 a - a +0 rapier
 k - a +2 dagger of draining (weapon)
Missiles
 d - 2 throwing nets
 f - 42 stones (quivered)
 h - 4 poisoned darts
 x - 3 boomerangs
Armour
 c - a +0 helmet (worn)
 o - +3 pearl dragon scales (worn)
 w - a +2 leather armour of cold resistance
 C - a +0 pair of gloves (worn)
Jewellery
 g - a ring of fire
 v - a ring of protection from cold (left hand)
 y - an amulet of guardian spirit (around neck)
 A - the ring "Ytaffiush" (right hand) {Contam rElec rC+ Int+5 SInv}
   (You acquired it on level 5 of the Dungeon)

   [ring of see invisible]

   Int:       It affects your intelligence (+5).
   rC:        It protects you from cold.
   rElec:     It insulates you from electricity.
   SInv:      It lets you see invisible.
   Contam:    It causes magical contamination when unequipped.
Wands
 i - a wand of light (14)
 m - a wand of roots (8)
Scrolls
 l - 3 scrolls of teleportation
 B - a scroll of silence {unknown}
Potions
 b - 3 potions of flight
 j - a potion of magic
 n - 2 potions of curing
 q - a potion of experience {unknown}
 s - a potion of mutation
 z - a potion of degeneration {unknown}


   Skills:
 - Level 2.0 Fighting
 * Level 8.8 Short Blades
 - Level 3.0 Throwing
 + Level 2.5 Armour
 - Level 3.0 Dodging
 - Level 3.0 Stealth


You had 7 spell levels left.
You didn't know any spells.
Your spell library contained the following spells:

 Spells                   Type           Power      Damage    Failure   Level
 Tukima's Dance           Hex            0%         N/A       99%         3
 Passage of Golubria      Tloc           0%         N/A       100%        4
 Yara's Violent Unravell  Hex/Tmut       0%         3d3       100%        5


Dungeon Overview and Level Annotations

Branches:
Dungeon (6/15)             Temple (1/1) D:5           Sewer (visited)

Altars:
Ashenzari
Cheibriados
Dithmenos
Fedhas
Hepliaklqana
Kikubaaqudgha
Makhleb
Nemelex Xobeh
Okawaru
Qazlal
Ru
Sif Muna
Uskayaw
Vehumet
Wu Jian
Yredelemnul

Shops:
D:3 =


Innate Abilities, Weirdness & Mutations

Your demonic aura sometimes causes spilled blood to erupt in flames.
Spells you cast may paralyse adjacent enemies.
You have a tail ending in a sharp stinger.
You have large cloven feet.
You are partially covered in iridescent scales. (AC +2)
Your magical capacity is low. (-10% MP)


Message History

Press: ? - help, Shift-Dir - straight line, f - orc
Aim: an orc, wielding a +0 club (71% to hit)
The bolt of light hits the scorpion!
You kill the scorpion!
The bolt of light misses the orc warrior.
The bolt of light hits the orc!
You kill the orc!
You hear a shout!
The orc warrior closely misses you. The ufetubus barely misses you.
The ufetubus hits you but does no damage.
The ufetubus closely misses you.
The ufetubus hits you but does no damage.
You hit the orc. You drain the orc.
You kill the orc!
The ufetubus attacks as you move away! The ufetubus barely misses you. x2
The ufetubus closely misses you. x2
The orc warrior hits you but does no damage.
The ufetubus barely misses you. The ufetubus hits you.
* * * LOW HITPOINT WARNING * * *
Things that are here:
a +0 war axe; a scorpion corpse; a hound corpse You hit the orc warrior but do no damage.
You drain the orc warrior.
The orc warrior is heavily wounded.
The ufetubus hits you but does no damage. x2
The orc warrior barely misses you.
You hit the orc warrior. You kick the orc warrior.
The orc warrior is severely wounded.
The ufetubus hits you but does no damage.
The ufetubus closely misses you. The ufetubus barely misses you.
The ufetubus hits you but does no damage.
You barely miss the orc warrior.
You kick the orc warrior, but do no damage.
The orc warrior is severely wounded.
You hit the orc warrior. You kick the orc warrior.
The orc warrior is almost dead.
The ufetubus hits you but does no damage.
The ufetubus closely misses you.
The orc warrior hits you with a +0 glaive!
You die...

############
##..........##
##............##
#.......)......#
#..............#
#.....))..!....#
#.....<...)!.†.#
#?...........55#
##........>))@##
##.........o##
########(#).#
#.##.# #o#


You could see an orc warrior (drained) and 2 ufetubi.

Vanquished Creatures
  Menkaure (D:6)
  A water moccasin (D:6)
  Pargi (Sewer)
  3 ogres
  A phantom (D:4)
  3 scorpions
  A necrophage (D:5)
  A jelly (D:6)
  3 orc priests
  3 hounds
  Jessica (D:2)
  3 iguanas
  Natasha (thrice) (D:2)
  3 orc wizards (D:6)
  5 adders
  A white imp (D:5)
  3 ufetubi
  3 worms
  3 dart slugs
  17 orcs
  10 ball pythons
  4 endoplasms
  6 giant cockroaches
  7 goblins
  7 hobgoblins
  2 jackals (D:2)
  6 kobolds
  6 quokkas
  7 bats
  8 frilled lizards
  10 rats
133 creatures vanquished.

Notes
Turn   | Place    | Note
-------+----------+-------------------------------------------
     0 | D:1      | IdlyInterested the Demonspawn Gladiator began the quest for
                  | the Orb.
     0 | D:1      | Reached XP level 1. HP: 16/16 MP: 1/1
   230 | D:1      | Reached skill level 3 in Short Blades
   251 | D:1      | Discovered your monstrous ancestry.
   251 | D:1      | Gained mutation: You have a small tail. [demonic ancestry]
   251 | D:1      | Reached XP level 2. HP: 18/22 MP: 2/2
   555 | D:1      | Reached skill level 1 in Stealth
   886 | D:2      | Reached XP level 3. HP: 27/27 MP: 3/3
   969 | D:2      | Noticed Natasha
   979 | D:2      | Killed Natasha
   988 | D:2      | Reached skill level 4 in Short Blades
   988 | D:2      | Gained mutation: Your demonic aura sometimes causes spilled
                  | blood to erupt in flames. [demonic ancestry]
   988 | D:2      | Reached XP level 4. HP: 25/33 MP: 4/4
  1022 | D:2      | Noticed Natasha
  1043 | D:2      | Killed Natasha
  1167 | D:2      | Noticed Natasha
  1177 | D:2      | Killed Natasha
  1230 | D:2      | Noticed Jessica
  1237 | D:2      | Killed Jessica
  1238 | D:2      | Gained mutation: You have a tail ending in a sharp stinger.
                  | [demonic ancestry]
  1238 | D:2      | Reached XP level 5. HP: 38/38 MP: 5/5
  1297 | D:2      | Found a faded altar of an unknown god.
  1980 | D:3      | Found a stormy altar of Qazlal.
  2126 | D:3      | Reached skill level 5 in Short Blades
  2139 | D:3      | Found a glowing drain.
  2167 | Sewer    | Entered a sewer
  2221 | Sewer    | Noticed Pargi
  2234 | Sewer    | Killed Pargi
  2235 | Sewer    | Reached XP level 6. HP: 43/44 MP: 6/6
  2577 | D:3      | Found Sebluor's Jewellery Shoppe.
  3167 | D:4      | Reached skill level 6 in Short Blades
  3506 | D:4      | Gained mutation: Spells you cast may paralyse adjacent
                  | enemies. [demonic ancestry]
  3506 | D:4      | Reached XP level 7. HP: 48/50 MP: 5/7
  3595 | D:4      | Gained mutation: You have large cloven feet. [potion of
                  | mutation]
  3595 | D:4      | Gained mutation: Your magical capacity is low. (-10% MP)
                  | [potion of mutation]
  3595 | D:4      | Gained mutation: You are partially covered in iridescent
                  | scales. (AC +2) [potion of mutation]
  3813 | D:5      | Entered Level 5 of the Dungeon
  3919 | D:5      | Identified a scroll of acquirement
  3919 | D:5      | Acquired the ring "Ytaffiush" {Contam rElec rC+ Int+5 SInv}
  4252 | D:5      | Reached skill level 7 in Short Blades
  4312 | D:5      | Found a staircase to the Ecumenical Temple.
  4318 | Temple   | Entered the Ecumenical Temple
  4534 | D:5      | Found a sacrificial altar of Ru.
  4901 | D:6      | Reached skill level 8 in Short Blades
  4901 | D:6      | Reached skill level 1 in Armour
  4901 | D:6      | Reached XP level 8. HP: 41/56 MP: 3/7
  4902 | D:6      | Noticed Menkaure
  4923 | D:6      | Killed Menkaure
  4931 | D:6      | Mangled by an orc warrior

Illustrated notes

Levels and vault maps discovered:
D:1:      lemuel_arrival_cross, layout_basic
D:2:      layout_basic, hellmonk_ecumenical_altar_crossroads,
          kennysheep_generic_room_9, uniq_jessica, uniq_natasha
D:3:      layout_loops_cross, elyvilon_altar_4, grunt_qazlal_clouds,
          lemuel_crystal_altar, portal_sewer_entry_e, serial_shops, shop
D:4:      layout_loops_ring, dreamdust_wishing_well, minmay_hedge_maze
D:5:      layout_basic, nicolae_overflow_crystal_walls, temple_statues
D:6:      layout_rooms, uniq_menkaure
Temple:   minmay_freezing_vapour_temple

Skill      XL: |  1  2  3  4  5  6  7  8 |
---------------+-------------------------+-----
Short Blades   | 3 4 5 6 8 |  8.8
Stealth        | 1 2 3 |  3.0
Dodging        | 3 |  3.0
Throwing       | 3 |  3.0
Armour         | 1 2 |  2.5
Fighting       | |  2.0

Action                     |  1- 3 |  4- 6 |  7- 9 || total
---------------------------+-------+-------+-------++-------
  Melee: Rapier            |    93 |    37 |       ||   130
         Tailslap          |     5 |    27 |    12 ||    44
         Punch             |       |     2 |     3 ||     5
         Dagger            |       |   190 |    95 ||   285
         Kick              |       |       |    33 ||    33
  Throw: Stone             |     1 |     1 |    23 ||    25
         Dart              |       |     8 |     5 ||    13
         Throwing net      |       |     1 |       ||     1
         Javelin           |       |       |     1 ||     1
  Evoke: Wand              |       |     2 |     6 ||     8
    Use: Scroll            |     4 |     2 |     5 ||    11
         Potion            |       |     2 |     8 ||    10
   Stab: Held in net/web   |       |     1 |       ||     1
 Armour: Leather armour    |    16 |       |       ||    16
         Pearl dragon scal |    29 |   114 |    90 ||   233
  Dodge: Dodged            |    50 |    76 |    84 ||   210

Table legend: (Time is in decaauts)
 A = Elapsed time spent in this place.
 B = Non-inter-level travel time spent in this place.
 C = Inter-level travel time spent in this place.
 D = Time resting spent in this place.
 E = Time spent auto-exploring this place.
 F = Levels seen in this place.
 G = Mean time per level.
                   A        B        C        D        E       F      G
               +--------+--------+--------+--------+--------+-----+--------+
         Total |   4896 |   4406 |    490 |    215 |   2832 |   8 |  612.0 |
       Dungeon |   4654 |   4164 |    490 |    215 |   2701 |   6 |  775.7 |
        Temple |     20 |     20 |      0 |      0 |      0 |   1 |   20.0 |
         Sewer |    221 |    221 |      0 |      0 |    130 |   1 |  221.0 |
               +--------+--------+--------+--------+--------+-----+--------+

Top non-repeatable levels by time:
     D:2: 1018 daAuts
     D:3: 951 daAuts
     D:5: 907 daAuts
     D:4: 868 daAuts
     D:1: 839 daAuts
   Sewer: 221 daAuts
     D:6: 69 daAuts
  Temple: 20 daAuts
